 Dungeon Crawl Stone Soup version 0.24.0-2-g5b39cebb1c (webtiles) character file.

Game seed: 1024251469270675879, levelgen mode: deterministic

926 DavidChitty2 the Agent of Entropy (level 7, 0/55 HPs)
             Began as a Demonspawn Abyssal Knight on Oct 30, 2019.
             Was a Priest of Lugonu.
             Splashed by an oklob sapling's acid (13 damage)
             ... on level 4 of the Dungeon.
             The game lasted 00:10:08 (5580 turns).

DavidChitty2 the Agent of Entropy (DsAK)            Turns: 5580, Time: 00:10:08

Health: 0/55       AC:  6    Str: 14    XL:     7   Next: 85%
Magic:  10/10      EV: 18    Int: 14    God:    Lugonu [***...]
Gold:   181        SH:  7    Dex: 17    Spells: 6/6 levels left

rFire    . . .     SeeInvis .   a - +2 falchion
rCold    . . .     Gourm    .   f - +3 buckler
rNeg     . . .     Faith    .   q - +0 chain mail
rPois    .         Spirit   .   d - +0 helmet
rElec    .         Reflect  .   t - scarf {cloud immunity}
rCorr    .         Harm     .   (no gloves)
MR       .....                  (no boots)
Stlth    +.........             (no amulet)
HPRegen  0.18/turn              l - +6 ring of evasion
MPRegen  0.12/turn              (no ring)

@: agile, corroded
A: claws 1, nightstalker 1, powered by pain 1
a: Depart the Abyss, Bend Space, Banish, Renounce Religion


You were on level 4 of the Dungeon.
You worshipped Lugonu.
Lugonu was most pleased with you.
You were hungry.

You visited 1 branch of the dungeon, and saw 4 of its levels.
You visited the Abyss 1 time.
You also visited: Sewer.

You collected 181 gold pieces.

Inventory:

Hand Weapons
 a - a +2 falchion (weapon)
Missiles
 r - 20 poisoned darts (quivered)
Armour
 d - a +0 helmet (worn)
   (You found it on level 4 of the Dungeon)
 f - a +3 buckler (worn)
   (You found it on level 1 of the Dungeon)
 q - a +0 chain mail (worn)
   (You found it on level 2 of the Dungeon)
 t - a scarf of cloud immunity (worn)
   (You found it on level 3 of the Dungeon)
Jewellery
 l - a +6 ring of evasion (left claw)
   (You found it on level 1 of the Dungeon)
Scrolls
 c - a scroll of enchant armour
 g - 4 scrolls of teleportation {@r4}
 m - 3 scrolls of remove curse {@r2}
Potions
 b - a potion of lignification {!q}
 h - a potion of agility
 i - a potion of berserk rage {unknown}
 j - a potion of haste {@q3}
 k - a potion of might
 s - a potion of curing {@q1}
 v - a potion of heal wounds {@q2}
Comestibles
 e - 7 rations {!d}
 n - a chunk of flesh


   Skills:
 + Level 4.7 Fighting
 * Level 5.0 Long Blades
 + Level 3.6 Armour
 + Level 3.2 Dodging
 + Level 5.3 Invocations


You had 6 spell levels left.
You didn't know any spells.
Your spell library contained the following spells:

 Spells                   Type           Power        Failure   Level  Hunger
 Animate Skeleton         Necr           N/A          100%        1    ##.....
 Apportation              Tloc           #.....       100%        1    ##.....
 Confusing Touch          Hex            #.....       100%        1    ##.....
 Summon Small Mammal      Summ           #...         100%        1    ##.....


Dungeon Overview and Level Annotations

Branches:
Dungeon (4/15)             Temple (0/1) D:4           Sewer (visited)

Altars:
Cheibriados
Sif Muna
Xom
The Shining One

Annotations:
D:4 exclusion: oklob sapling


Innate Abilities, Weirdness & Mutations

You have sharp fingernails.
You are slightly more attuned to the shadows.
You sometimes gain a little power by taking damage.


Message History

You hit the plant but do no damage. You hit the plant but do no damage.
You hit the plant but do no damage. You hit the plant but do no damage.
You hit the plant but do no damage. You hit the plant.
You hit the plant but do no damage. You hit the plant but do no damage.
You hit the plant.
You destroy the plant!
You hit the plant. You hit the plant but do no damage. You hit the plant.
You hit the plant but do no damage. You hit the plant but do no damage.
You hit the plant. You hit the plant but do no damage.
You hit the plant but do no damage. You hit the plant but do no damage.
You hit the plant. You hit the plant but do no damage.
You hit the plant but do no damage. You hit the plant. You hit the plant.
You hit the plant. You hit the plant. You hit the plant. You hit the plant.
You hit the plant but do no damage.
You are feeling hungry.
You hit the plant but do no damage. You hit the plant but do no damage.
You hit the plant but do no damage. You hit the plant but do no damage.
You hit the plant. You completely miss the plant. You slash the plant!
You destroy the plant!
The oklob sapling spits acid at you. The splash of acid hits you!!
The acid corrodes you!
You are splashed with acid!
* * * LOW HITPOINT WARNING * * *
You focus on the pain.
You feel agile all of a sudden.
You hit the oklob sapling but do no damage.
The oklob sapling spits acid at you. The splash of acid hits you!
* * * LOW HITPOINT WARNING * * *
The acid corrodes you!
You are splashed with acid!
You die...

.....# ###_### #..
.....# *****### ##.#
.....# ##...#### #..#
#..### ####.......#
##.## #...###**
##..........# #..#
........**#....P......#
##.##
.####...,,.P.PP..P...#*
#..# ##
*###**..PP.PP...##
##.## #
*..P.>P@....######..#
*.PP.PPPP.##........##
*#.PP..P.####........#
# #P.(PP..# ##....รท.##
# ######### #......## #
# #.......### ##
#.......... .#
##.......##. .#
#........##.


You could see an oklob sapling.

Vanquished Creatures
  Sigmund (D:2)
  2 ogres (D:4)
  A big kobold (Sewer)
  A howler monkey (D:4)
  2 orc priests (D:4)
  2 worker ants
  Natasha (twice) (D:2)
  An iguana (D:4)
  An orc wizard (D:4)
  3 gnolls (D:3)
  14 adders
  2 river rats (Sewer)
  2 oozes (Sewer)
  An adder skeleton (D:4)
  5 worms
  A dart slug (D:2)
  5 leopard geckos
  An orc (D:4)
  3 giant cockroaches
  8 goblins
  8 hobgoblins
  4 jackals (D:2)
  15 kobolds
  A quokka (D:2)
  7 ball pythons
  6 bats
  4 frilled lizards
  12 rats
  2 plants (D:4)
117 creatures vanquished.

Vanquished Creatures (others)
  2 plants (D:4)
2 creatures vanquished.

Grand Total: 119 creatures vanquished

Notes
Turn   | Place    | Note
-------+----------+-------------------------------------------
     0 | Abyss:1  | DavidChitty2 the Demonspawn Abyssal Knight began the quest
                  | for the Orb.
     0 | Abyss:1  | Reached XP level 1. HP: 18/18 MP: 2/2
    38 | Abyss:1  | Noticed a worldbinder
    39 | D:1      | Escaped the Abyss
   114 | D:1      | Reached skill level 1 in Dodging
   194 | D:1      | Reached * piety under Lugonu
   279 | D:1      | Gained mutation: You have sharp fingernails. [demonic
                  | ancestry]
   279 | D:1      | Reached XP level 2. HP: 24/24 MP: 4/4
  1089 | D:2      | Reached XP level 3. HP: 25/29 MP: 5/5
  1568 | D:2      | Reached XP level 4. HP: 25/35 MP: 6/6
  1665 | D:2      | Noticed Natasha
  1674 | D:2      | Killed Natasha
  1991 | D:2      | Noticed Sigmund
  2014 | D:2      | Killed Sigmund
  2014 | D:2      | Gained mutation: You sometimes gain a little power by
                  | taking damage. [demonic ancestry]
  2014 | D:2      | Reached XP level 5. HP: 31/42 MP: 6/8
  2014 | D:2      | Gained mutation: You are slightly more attuned to the
                  | shadows. [demonic ancestry]
  2014 | D:2      | Reached XP level 6. HP: 35/48 MP: 6/9
  2035 | D:2      | Noticed Natasha
  2043 | D:2      | Killed Natasha
  2378 | D:2      | Reached ** piety under Lugonu
  2461 | D:2      | Found a snail-covered altar of Cheibriados.
  2464 | D:2      | Found a shimmering blue altar of Sif Muna.
  2887 | D:3      | Found a shimmering altar of Xom.
  2888 | D:3      | Found a shimmering altar of Xom.
  2888 | D:3      | Found a shimmering altar of Xom.
  2888 | D:3      | Found a shimmering altar of Xom.
  2889 | D:3      | Found a shimmering altar of Xom.
  2889 | D:3      | Found a shimmering altar of Xom.
  3571 | D:4      | Reached XP level 7. HP: 33/54 MP: 10/10
  3592 | D:4      | Found a glowing drain.
  3600 | Sewer    | Entered a sewer
  4309 | Sewer    | Reached *** piety under Lugonu
  4776 | D:4      | Reached skill level 5 in Invocations
  5151 | D:4      | Reached skill level 5 in Long Blades
  5405 | D:4      | Found a glowing golden altar of the Shining One.
  5518 | D:4      | Found a staircase to the Ecumenical Temple.
  5580 | D:4      | Splashed by an oklob sapling's acid

Levels and vault maps discovered:
D:1:      dpeg_arrival_arbitrary_c, layout_loops_cross
D:2:      layout_loops_ring, minitemple, uniq_sigmund, uniq_natasha
D:3:      layout_basic, first_ration, xom_redecorated
D:4:      layout_cave_pods, tso_altar, minmay_temple_entry_oklob,
          portal_sewer_entry_d

Skill      XL: |  1  2  3  4  5  6  7 |
---------------+----------------------+-----
Dodging        | 1 2 3 |  3.2
Long Blades    | 2 3 4 5 |  5.0
Armour         | 2 3 |  3.6
Invocations    | 3 4 5 |  5.3
Fighting       | 4 |  4.7

Action                   |  1- 3 |  4- 6 |  7- 9 || total
-------------------------+-------+-------+-------++-------
Melee: Falchion          |   115 |   187 |   273 ||   575
Invok: Depart the Abyss  |     1 |       |       ||     1
  Use: Scroll            |     6 |     1 |     7 ||    14
  Eat: Chunk             |     2 |     7 |     7 ||    16
Armor: Leather armour    |    27 |     3 |       ||    30
       Ring mail         |       |     2 |       ||     2
       Chain mail        |       |    39 |    56 ||    95
Dodge: Dodged            |    66 |    93 |   118 ||   277
Block: Buckler           |    17 |    60 |    60 ||   137
       Rpst.: Falchion   |    25 |    27 |    38 ||    90
